 Dungeon Crawl Stone Soup version 0.29.1-1-gd02db6906a (webtiles) character file.

Game seed: 5097580293842895001

3594 Lutefisk the Zephyrmancer (level 10, -4/63 HPs)
             Began as a Tengu Air Elementalist on Oct 15, 2022.
             Was a Follower of Sif Muna.
             Killed by their own static electricity (6 damage)
             ... on level 10 of the Dungeon.
             The game lasted 00:43:51 (4254 turns).

Lutefisk the Zephyrmancer (Tengu Air Elementalist)  Turns: 4254, Time: 00:43:52

Health: -4/63      AC:  7    Str:  8    XL:     10   Next: 10%
Magic:  20/36      EV: 23    Int: 22    God:    Sif Muna [*.....]
Gold:   164        SH:  0    Dex: 21    Spells: 7/19 levels left

rFire   . . .      SeeInvis .   E - staff of conjuration
rCold   . . .      Faith    .   (no shield)
rNeg    . . .      Spirit   .   a - +1 robe of the Mind {MP+9 Int+2 Dex+6 Stlth-}
rPois   .          Reflect  .   (helmet restricted)
rElec   .          Harm     .   t - +0 cloak
rCorr   .          Rampage  .   s - +2 pair of gloves
Will    .....                   (boots unavailable)
Stlth   ++........              (no amulet)
HPRegen 0.20/turn               D - ring of magical power
MPRegen 0.25/turn               A - +4 ring of evasion

@: lethally poisoned (-4 -> -7), swift, flying quickly and evasively, very quick
A: beak, talons 3, nimble flight
a: Renounce Religion, Channel Magic


You were on level 10 of the Dungeon.
You worshipped Sif Muna.
Sif Muna was aware of your devotion.
You visited 2 branches of the dungeon, and saw 12 of its levels.

You collected 300 gold pieces.
You spent 136 gold pieces at shops.

Inventory:

Hand Weapons
 c - a +1 scimitar of freezing
 n - a +2 mace of holy wrath
 F - a +2 falchion of protection
 G - a +0 short sword of venom
Missiles
 q - 4 atropa-tipped darts (quivered)
 x - 10 poisoned darts
Armour
 a - the +1 robe of the Mind (worn) {MP+9 Int+2 Dex+6 Stlth-}
   (You bought it in a shop on level 4 of the Dungeon)

   Int:       It affects your intelligence (+2).
   Dex:       It affects your dexterity (+6).
   MP:        It affects your magic capacity (+9).
   Stlth:     It makes you less stealthy.
 s - a +2 pair of gloves (worn)
 t - a +0 cloak (worn)
 B - a +1 robe of willpower
Magical Staves
 E - a staff of conjuration (weapon)
Jewellery
 d - a ring of protection from cold
 l - a +6 ring of dexterity
 w - a ring of protection from cold
 A - a +4 ring of evasion (right hand)
 D - a ring of magical power (left hand)
Wands
 z - a wand of roots (5)
 C - a wand of mindburst (16)
Scrolls
 g - 3 scrolls of enchant weapon
 o - 2 scrolls of blinking
 p - 2 scrolls of vulnerability
 y - 3 scrolls of fog
Potions
 b - 3 potions of magic
 e - 3 potions of brilliance
 f - a potion of attraction
 h - 3 potions of mutation
 i - 4 potions of curing {unknown}
 j - a potion of degeneration {unknown}
 k - 2 potions of heal wounds
 m - a potion of lignification {unknown}
 r - 2 potions of haste {unknown}
 u - a potion of berserk rage {unknown}
 v - 3 potions of might


   Skills:
 - Level 7.0 Fighting
 - Level 4.0 Armour
 * Level 5.6 Dodging
 - Level 3.0 Stealth
 - Level 5.0 Spellcasting
 - Level 7.0 Conjurations
 - Level 9.0 Air Magic
 - Level 2.0 Invocations
 - Level 3.0 Evocations


You had 7 spell levels left.
You knew the following spells:

 Your Spells              Type           Power      Damage    Failure   Level
a - Shock                 Conj/Air       100%       1d9       1%          1
b - Static Discharge      Conj/Air       57%        3-11/arc  1%          2
c - Swiftness             Air            45%        N/A       1%          3
d - Airstrike             Air            22%        2d(4-20)  2%          4
e - Blink                 Tloc           10%        N/A       16%         2

Your spell library contained the following spells:

 Spells                   Type           Power      Damage    Failure   Level
 Dazzling Flash           Conj/Hex       62%        N/A       7%          3
 Stone Arrow              Conj/Erth      62%        3d10      7%          3
 Lesser Beckoning         Tloc           5%         N/A       30%         3
 Tukima's Dance           Hex            5%         N/A       30%         3
 Silence                  Hex/Air        12%        N/A       41%         5
 Animate Armour           Summ/Erth      10%        N/A       69%         4
 Animate Dead             Necr           5%         N/A       69%         4
 Passage of Golubria      Tloc           5%         N/A       69%         4
 Agony                    Necr           5%         N/A       95%         5
 Borgnjor's Vile Clutch   Necr/Erth      2%         N/A       95%         5
 Manifold Assault         Tloc           5%         N/A       95%         5
 Yara's Violent Unravell  Hex/Tmut       2%         3d3       95%         5
 Death Channel            Necr           2%         N/A       100%        6
 Lehudib's Crystal Spear  Conj/Erth      15%        10d5      100%        8


Dungeon Overview and Level Annotations

Branches:
Dungeon (11/15)            Temple (1/1) D:4
   Lair: D:8-11         Orc: D:9-12

Altars:
Ashenzari
Cheibriados
Dithmenos
Elyvilon
Fedhas
Gozag
Kikubaaqudgha
Makhleb
Nemelex Xobeh
Okawaru
Qazlal
Sif Muna
Uskayaw
Vehumet
Wu Jian
Xom
Yredelemnul
Zin
The Shining One

Shops:
D:4 =[![

Annotations:
D:3 3 runed translucent doors, nshep25's ghost, weakling HuDe
D:4 Grinder


Innate Abilities, Weirdness & Mutations

You have a beak for a mouth.
You have claws for feet.
Your magical nature lets you fly swiftly and evasively.


Message History

The lightning grounds out.
You feel sick. The killer bee stings you.
* * * LOW HITPOINT WARNING * * *
The orc wizard gestures wildly while chanting.
The orc wizard flickers and vanishes!
Deactivating autopickup; reactivate with Ctrl-A.
Training target 7.0 for Fighting reached!
Your Fighting skill increases to level 7!
You need to enable at least one skill for training.
You feel sick. The killer bee misses you. The killer bee stings you.
* * * LOW HITPOINT WARNING * * *
You fly downwards.
Reactivating autopickup.
You feel sick. The orc hits you but does no damage.
There is a stone staircase leading up here.
Casting: Static Discharge (safe; 1% risk of failure)
Confirm with . or Enter, or press ? or * to list all spells.
Okay, then.
You feel sick. The killer bee completely misses you.
Unknown command.
Casting: Static Discharge (safe; 1% risk of failure)
Confirm with . or Enter, or press ? or * to list all spells.
You feel a surge of power!
The orc is struck by an arc of lightning!
You kill the orc!
Sif Muna accepts your kill.
You are struck by an arc of lightning.
* * * LOW HITPOINT WARNING * * *
The killer bee is struck by an arc of lightning.
The killer bee is heavily wounded.
You are struck by an arc of lightning.
* * * LOW HITPOINT WARNING * * *
The killer bee is struck by an arc of lightning.
The killer bee is severely wounded.
You are struck by an arc of lightning.
* * * LOW HITPOINT WARNING * * *
The lightning grounds out.
The killer bee is struck by an arc of lightning.
The killer bee is almost dead.
You are struck by an arc of lightning.
You die...

..# ....# # #....# #####.
#....+ ......### +....#
........######....#
.......@..........#
.......)y.........#
..................#
..................#
..................#####.
........................
#........########........
........# #........
#.......# #..#####.


You could see a killer bee.

Vanquished Creatures
  Pikel (D:4)
  A hornet (D:9)
  Sigmund (D:3)
  A wraith (D:7)
  Eustachio (D:4)
  Menkaure (D:5)
  A steam dragon (D:7)
  Duvessa (D:4)
  A sky beast (D:6)
  A black bear (D:6)
  An ogre (D:6)
  A centaur (D:5)
  A phantom (D:5)
  A kobold brigand (D:8)
  A bullfrog (D:7)
  2 gnoll sergeants
  A necrophage (D:6)
  4 scorpions
  3 wights (D:7)
  Dowan (D:4)
  4 killer bees
  A howler monkey (D:6)
  2 jellies
  Crazy Yiuf (D:7)
  5 orc priests
  3 hounds
  5 iguanas
  4 orc wizards
  8 adders
  12 gnolls
  An ufetubus (D:4)
  2 worms (D:2)
  5 dart slugs
  15 orcs
  7 ball pythons
  8 endoplasms
  5 giant cockroaches
  6 goblins
  5 hobgoblins
  5 jackals
  14 kobolds
  3 quokkas
  10 bats
  A frilled lizard (D:1)
  A rat (D:2)
159 creatures vanquished.

Vanquished Creatures (others)
  A plant (D:9)
1 creature vanquished.

Grand Total: 160 creatures vanquished

Notes
Turn   | Place    | Note
-------+----------+-------------------------------------------
     0 | D:1      | Lutefisk the Tengu Air Elementalist began the quest for the
                  | Orb.
     0 | D:1      | Reached XP level 1. HP: 10/10 MP: 4/4
    96 | D:1      | Reached skill level 1 in Fighting
    96 | D:1      | Reached XP level 2. HP: 14/16 MP: 1/6
   384 | D:2      | Reached XP level 3. HP: 6/21 MP: 1/7
   485 | D:2      | Learned a level 2 spell: Static Discharge
   684 | D:2      | Found a faded altar of an unknown god.
   857 | D:2      | Reached XP level 4. HP: 22/27 MP: 2/8
  1074 | D:3      | Found a runed translucent gate.
  1074 | D:3      | Found a runed translucent gate.
  1074 | D:3      | Found a runed translucent gate.
  1075 | D:3      | Noticed a kobold brigand
  1075 | D:3      | Noticed nshep25's ghost (weakling HuDe)
  1127 | D:3      | Noticed Sigmund
  1151 | D:4      | Noticed Menkaure
  1151 | D:4      | Noticed Grinder
  1157 | D:5      | Entered Level 5 of the Dungeon
  1160 | D:5      | Noticed a centaur
  1169 | D:5      | Killed a centaur
  1169 | D:5      | Killed Menkaure
  1170 | D:5      | Reached skill level 5 in Air Magic
  1170 | D:5      | Gained mutation: Your magical nature lets you fly swiftly
                  | and evasively. [Tengu growth]
  1170 | D:5      | Reached XP level 5. HP: 25/33 MP: 6/9
  1170 | D:5      | Reached XP level 6. HP: 29/38 MP: 6/10
  1218 | D:5      | Learned a level 3 spell: Swiftness
  1503 | D:5      | Reached skill level 6 in Air Magic
  1537 | D:4      | Noticed Pikel
  1655 | D:3      | Reached XP level 7. HP: 36/44 MP: 1/12
  1805 | D:4      | Found Akiojetu's Jewellery Boutique.
  1809 | D:4      | Found Jaethrim's Distillery.
  1825 | D:4      | Found Gargholo's Antique Armour Boutique.
  1827 | D:4      | Noticed Eustachio
  1861 | D:4      | Noticed Duvessa
  1862 | D:4      | Found Dote's Armour Boutique.
  1955 | D:3      | Killed Sigmund
  1956 | D:3      | Reached skill level 5 in Fighting
  1956 | D:3      | Reached skill level 1 in Armour
  2008 | D:3      | Reached skill level 5 in Conjurations
  2009 | D:4      | Paralysed by Grinder for 3 turns
  2016 | D:4      | Paralysed by Grinder for 3 turns
  2135 | D:4      | Reached skill level 7 in Air Magic
  2234 | D:4      | Killed Duvessa
  2235 | D:4      | Reached XP level 8. HP: 34/49 MP: 6/13
  2249 | D:4      | Noticed Dowan
  2256 | D:4      | Killed Dowan
  2299 | D:4      | Killed Eustachio
  2313 | D:5      | Found a glowing silver altar of Zin.
  2313 | D:5      | Found a shimmering blue altar of Sif Muna.
  2313 | D:5      | Found a shimmering altar of Xom.
  2334 | D:5      | Found a white marble altar of Elyvilon.
  2780 | D:4      | Killed Pikel
  2781 | D:4      | Reached skill level 8 in Air Magic
  2781 | D:4      | Reached XP level 9. HP: 44/55 MP: 9/16
  2819 | D:4      | Bought a shimmering robe for 136 gold pieces
  2819 | D:4      | Identified the +1 robe of the Mind {MP+9 Int+2 Dex+6
                  | Stlth-} (You bought it in a shop on level 4 of the Dungeon)
  2877 | D:4      | Found a staircase to the Ecumenical Temple.
  2895 | Temple   | Entered the Ecumenical Temple
  3058 | D:5      | Became a worshipper of Sif Muna the Loreminder
  3181 | D:6      | Reached skill level 5 in Dodging
  3196 | D:6      | Learned a level 4 spell: Airstrike
  3207 | D:6      | Reached skill level 1 in Invocations
  3324 | D:6      | Reached skill level 9 in Air Magic
  3567 | D:6      | Reached skill level 1 in Evocations
  3629 | D:7      | Learned a level 2 spell: Blink
  3717 | D:7      | Reached skill level 5 in Spellcasting
  3778 | D:7      | Found a runed translucent door.
  3779 | D:7      | Noticed Crazy Yiuf
  3784 | D:7      | Killed Crazy Yiuf
  3784 | D:7      | Reached * piety under Sif Muna
  4032 | D:8      | You are sucked into a shaft and drop 3 floors!
  4047 | D:10     | Entered Level 10 of the Dungeon
  4139 | D:10     | Noticed a kobold demonologist
  4143 | D:10     | Reached XP level 10. HP: 61/61 MP: 18/18
  4254 | D:10     | HP: 2/63 [/static electricity (3)]
  4254 | D:10     | Killed from afar by themself

Illustrated notes

Levels and vault maps discovered:
D:1:      co_arrival_random_square_maze, layout_basic
D:2:      minmay_diamond_boxcup, layout_basic, nicolae_ecumenical_lake_church
D:3:      layout_basic, gammafunk_ghost_nasty_kobolds, uniq_sigmund
D:4:      layout_rooms, temple_fountains, minmay_shop_grid_forest, uniq_duvessa,
          uniq_pikel, uniq_menkaure, uniq_grinder, uniq_eustachio
D:5:      layout_gridville, nicolae_overflow_quartered_altars
D:6:      layout_loops_cross
D:7:      hellmonk_ruined_rings, layout_basic, nicolae_overflow_hidden_temple,
          uniq_crazy_yiuf_cottage
D:8:      layout_gridville, tgw_trog, minmay_manual_mandibuliform
D:9:      minmay_the_grid_square_5x5_3x3 [minmay_the_grid_square_5x5_hourglass,
          minmay_the_grid_square_5x5_meh,
          minmay_the_grid_square_5x5_three_walls,
          minmay_the_grid_square_5x5_six,
          minmay_the_grid_square_5x5_megaprize_hollow,
          minmay_the_grid_square_5x5_inner_v,
          minmay_the_grid_square_5x5_minibox,
          minmay_the_grid_square_5x5_six_small,
          minmay_the_grid_square_5x5_spiral], layout_cave_pools, serial_shops,
          shop, enter_bailey_2, serial_bayou_pond_a, kennysheep_path_1,
          statue_in_the_mist_lemuel, uniq_erolcha, uniq_erica, uniq_maurice,
          uniq_psyche
D:10:     layout_irregular_city
D:11:     layout_basic, dpeg_oklobed_lair, david_orc_3,
          nicolae_qazlal_style_of_elements, uniq_urug, uniq_sonja, uniq_harold,
          uniq_fannar, uniq_josephine
Temple:   eino_wide_crystal_templ

Skill      XL: |  1  2  3  4  5  6  7  8  9 10 |
---------------+-------------------------------+-----
Conjurations   | 2 3 4 5 6 7 |  7.0
Fighting       | 1 2 4 5 6 7 |  7.0
Air Magic      | 5 6 7 8 9 |  9.0
Spellcasting   | 3 4 5 |  5.0
Armour         | 2 4 |  4.0
Dodging        | 4 5 |  5.6
Stealth        | 3 |  3.0
Invocations    | 2 |  2.0
Evocations     | 3 |  3.0

Action                   |  1- 3 |  4- 6 |  7- 9 | 10-12 || total
-------------------------+-------+-------+-------+-------++-------
Melee: Dagger            |     8 |       |       |       ||     8
       Kick              |     2 |       |     9 |       ||    11
       Mace              |     2 |     5 |    28 |       ||    35
       Peck              |     1 |       |     3 |       ||     4
Throw: Dart              |       |     5 |    15 |       ||    20
 Cast: Shock             |    62 |    50 |   157 |    13 ||   282
       Static Discharge  |       |     2 |    12 |     3 ||    17
       Airstrike         |       |       |    16 |     2 ||    18
       Swiftness         |       |       |     1 |     1 ||     2
  Use: Scroll            |       |     5 |     3 |       ||     8
       Potion            |       |     2 |       |       ||     2
 Stab: Sleeping          |     2 |       |     2 |       ||     4
Armor: Robe              |     5 |     5 |    11 |     1 ||    22
Dodge: Dodged            |    16 |    30 |    77 |    12 ||   135
